 Dungeon Crawl Stone Soup version 0.27.0-1-g7a089689b8 (webtiles) character file.

Game seed: 14149351043872166533

266 MajorAdolf the Covert (level 6, -4/53 (57) HPs)
             Began as a Naga Wanderer on Aug 4, 2021.
             Slain by a killer bee (7 damage)
             ... on level 3 of the Dungeon.
             The game lasted 00:05:16 (4626 turns).

MajorAdolf the Covert (Naga Wanderer)               Turns: 4626, Time: 00:05:17

HP:   -4/53 (57)    AC:  4    Str: 20    XL:     6   Next: 20%
MP:   6/6           EV:  9    Int: 14    God:
Gold: 81            SH:  0    Dex: 11    Spells: 0/5 levels left

rFire    . . .     SeeInvis +   a - +2 hand axe (protect)
rCold    . . .     Faith    .   (no shield)
rNeg     . . .     Spirit   .   c - +0 robe
rPois    +         Reflect  .   b - +0 helmet
rElec    .         Harm     .   (no cloak)
rCorr    .         Rampage  .   (no gloves)
Will     .....                  (no barding)
Stlth    ++++......             (no amulet)
HPRegen  0.17/turn              k - +6 ring of strength
MPRegen  0.10/turn              (no ring)

@: lethally poisoned (-4 -> -10), drained, very slow
A: AC +2, large, see invisible, deformed body, poison resistance, slowness 2,
spit poison 1, naga tail 1
a: Spit Poison


You were on level 3 of the Dungeon.
You visited 1 branch of the dungeon, and saw 4 of its levels.

You collected 81 gold pieces.

Inventory:

Hand Weapons
 a - a +2 hand axe of protection (weapon)
 m - a +1 dagger of draining
Armour
 b - a +0 helmet (worn)
 c - a +0 robe (worn)
Jewellery
 k - a +6 ring of strength (left hand)
Scrolls
 d - 2 scrolls of blinking {unknown}
 e - 3 scrolls of vulnerability {unknown}
 f - 2 scrolls of identify {unknown}
 g - a scroll of fear {unknown}
 i - a scroll of fog {unknown}
 j - a scroll of enchant armour {unknown}
Potions
 h - a potion of lignification {unknown}
 l - a potion of might {unknown}


   Skills:
 - Level 4.0 Fighting
 - Level 1.0 Axes
 - Level 1.0 Throwing
 - Level 2.4 Armour
 + Level 9.4 Stealth
 + Level 0.1 Spellcasting
 + Level 0.3 Necromancy
 + Level 0.1 Earth Magic


You couldn't memorise any spells.
You knew the following spells:

 Your Spells              Type           Power      Damage    Failure   Level
a - Borgnjor's Vile Clut  Necr/Erth      0%         N/A       100%        5

Your spell library contained the following spells:

 Spells                   Type           Power      Damage    Failure   Level
 Animate Dead             Necr           0%         N/A       94%         4
 Death Channel            Necr           0%         N/A       100%        6


Dungeon Overview and Level Annotations

Branches:
Dungeon (4/15)
 Temple: D:4-7

Altars:
Ru


Innate Abilities, Weirdness & Mutations

Your serpentine skin is tough. (AC +2)
You have supernaturally acute eyesight. (SInv)
Armour fits poorly on your strangely shaped body.
Your system is resistant to poisons. (rPois)
You cover ground very slowly.
You can spit poison.
You have a snake-like lower body.


Message History

Unknown command.
Search for what [? for help]? drain You see here a +1 dagger of draining.
m - a +1 dagger of draining
Okay, then.
Done exploring.
There is a stone staircase leading up here.
There is a stone staircase leading down here.
You climb downwards.
The killer bee closely misses you. x2
The killer bee stings you but does no damage.
The killer bee stings you.
You are poisoned.
The killer bee poisons you!
The killer bee stings you but does no damage.
The killer bee stings you! x2; The killer bee stings you.
The killer bee barely misses you. The killer bee stings you.
You are more poisoned.
The killer bee poisons you!
There is a stone staircase leading up, spattered with blood here.
You feel very sick. The killer bee barely misses you. x2
The killer bee stings you but does no damage. x3
The killer bee stings you. The killer bee misses you.
The killer bee closely misses you.
You climb upwards.
You feel very sick.
There is a stone staircase leading down here.
Okay, then.
Okay, then.
You feel very sick. The killer bee closely misses you. x2
The killer bee stings you but does no damage.
The killer bee closely misses you. The killer bee stings you.
* * * LOW HITPOINT WARNING * * *
The killer bee stings you!
* * * LOW HITPOINT WARNING * * *
The killer bee stings you.
* * * LOW HITPOINT WARNING * * *
The killer bee stings you!
You die...

.............###..#.#.#
.#####..............#.#
.# #........##..###†#
.# #........##..# #.#
.# ####.....##..###.#
.# #.............# .#
#.###.##..##### .# #.#
#.##..#
.########.###.##@y#
...............yyy#
#########........##
#...#####.###.####
#.........# #.#
#...####### #.# ##.##
#.# ##.## #.#
#...#########.#


You could see 4 killer bees.

Vanquished Creatures
  Jessica (D:2)
  Natasha (thrice) (D:2)
  Robin (D:2)
  A gnoll (D:3)
  4 adders
  A worm (D:3)
  2 dart slugs
  8 orcs (D:3)
  3 endoplasms
  3 giant cockroaches
  10 goblins
  14 hobgoblins
  13 jackals
  3 quokkas (D:1)
  6 ball pythons
  2 bats
  5 frilled lizards
  3 kobolds
  8 rats
91 creatures vanquished.

Notes
Turn   | Place    | Note
-------+----------+-------------------------------------------
     0 | D:1      | MajorAdolf the Naga Wanderer began the quest for the Orb.
     0 | D:1      | MajorAdolf set off with the following items: a +2 hand axe,
                  | 2 potions of curing, a +0 robe
     0 | D:1      | Reached XP level 1. HP: 22/22 MP: 1/1
    59 | D:1      | Reached skill level 2 in Stealth
    69 | D:1      | Reached skill level 3 in Stealth
    69 | D:1      | Reached XP level 2. HP: 13/30 MP: 2/2
   517 | D:1      | Reached skill level 4 in Stealth
  1116 | D:1      | Reached XP level 3. HP: 31/36 MP: 3/3
  1170 | D:1      | Found a faded altar of an unknown god.
  1398 | D:2      | Reached skill level 5 in Stealth
  1627 | D:2      | Noticed Robin
  1642 | D:2      | Reached skill level 6 in Stealth
  1642 | D:2      | Reached XP level 4. HP: 8/44 MP: 4/4
  1646 | D:2      | Killed Robin
  1649 | D:2      | Noticed Natasha
  1949 | D:2      | Noticed Jessica
  1956 | D:2      | Killed Jessica
  1957 | D:2      | Reached skill level 7 in Stealth
  2034 | D:2      | Reached XP level 5. HP: 50/50 MP: 5/5
  2193 | D:2      | Killed Natasha
  2688 | D:2      | Noticed Natasha
  2695 | D:2      | Killed Natasha
  2696 | D:2      | Reached skill level 8 in Stealth
  2831 | D:2      | Noticed Natasha
  2847 | D:2      | Killed Natasha
  3389 | D:3      | Reached skill level 9 in Stealth
  3561 | D:3      | Reached XP level 6. HP: 57/57 MP: 6/6
  3589 | D:3      | Found a sacrificial altar of Ru.
  3978 | D:3      | Learned a level 5 spell: Borgnjor's Vile Clutch
  4626 | D:3      | Slain by a killer bee

Illustrated notes

Levels and vault maps discovered:
D:1:      lemuel_arrival_river_ford, layout_basic,
          shapermc_ecumenical_altar_flowoftime
D:2:      layout_basic, amcnicky_mini_pool_small, uniq_jessica, uniq_natasha,
          uniq_robin
D:3:      minmay_skewed_foursquare, layout_loops_ring, overflow_temple_1_default
D:4:      layout_cave_pools, general_overflow_altar, serial_shops, shop,
          uniq_edmund

Skill      XL: |  1  2  3  4  5 |
---------------+----------------+-----
Stealth        | 3 4 6 7 9 |  9.4
Fighting       | |  4.0
Axes           | |  1.0
Throwing       | |  1.0
Armour         | |  2.4
Spellcasting   | |  0.1
Necromancy     | |  0.3
Earth Magic    | |  0.1

Action                   |  1- 3 |  4- 6 || total
-------------------------+-------+-------++-------
Melee: Hand axe          |    78 |   166 ||   244
 Abil: Spit Poison       |     5 |     5 ||    10
  Use: Potion            |     1 |     1 ||     2
       Scroll            |     1 |       ||     1
 Stab: Sleeping          |     5 |    13 ||    18
Armor: Robe              |    26 |    88 ||   114
Dodge: Dodged            |    66 |    99 ||   165
